AoeStats
← POPLAR

Arabia

509209085Analyzed
1v1 RM · 6d ago on Sep 25, 2026· 40m 9s· 2 players
Game mode
Random Map
Map size
Tiny (2 player)
Population
200
Speed
Normal
Resources
Standard
Victory
Conquest
Starting age
Dark Age
Ending age
Imperial Age
RankedLock teamsTeams togetherTeam positionsShared explorationLock speedFull tech treeHidden civsTurbo modeCheats
Victory
Defeat
🇫🇷 Tatars · France
989
+14
🇨🇱 Franks · Chile
949
-41
POPLAR
13:15 Feudal Age
15:54 Wheelbarrow
34:53 Castle Age
39:11 Gold Mining
39:12 Stone Mining
39:13 Double-Bit Axe
eldoche
9:22 Loom
11:19 Feudal Age
15:31 Castle Age
13:34 Double-Bit Axe
19:37 Bow Saw
20:28 Fletching
21:11 Forging
25:54 Wheelbarrow
25:39 Pikeman
28:40 Husbandry
30:06 Bodkin Arrow
32:55 Padded Archer Armor
33:08 Gold Mining
34:04 Bloodlines
34:37 Town Watch
39:58 Imperial Age
38:26 Ballistics
38:04 Horse Collar
41:05 Conscription
Connection lost

Rejoining the realm…

Still unreachable

The connection could not be restored.

Session expired

The server has moved on; the page needs a fresh start.